 Dungeon Crawl Stone Soup version 0.25.1-9-gc5326a611f (webtiles) character file.

Game seed: 8758075717842392197

187 pokeman the Magician (level 5, -4/29 HPs)
             Began as a Deep Elf Wizard on Dec 24, 2020.
             Killed by divine providence
             ... invoked by an orc priest
              (11 damage)
             ... on level 2 of the Dungeon.
             The game lasted 00:04:33 (2492 turns).

pokeman the Magician (Deep Elf Wizard)              Turns: 2492, Time: 00:04:33

Health: -4/29      AC:  3    Str:  4    XL:     5   Next: 39%
Magic:  2/15       EV: 13    Int: 24    God:
Gold:   160        SH:  0    Dex: 13    Spells: 5/16 levels left

rFire    . . .     SeeInvis .   h - +2 dagger (holy)
rCold    . . .     Gourm    .   (no shield)
rNeg     . . .     Faith    .   a - +0 robe
rPois    .         Spirit   .   b - +0 hat
rElec    .         Reflect  .   (no cloak)
rCorr    .         Harm     .   (no gloves)
MR       .....                  l - +0 pair of boots
Stlth    ++........             (no amulet)
HPRegen  0.09/turn              (no ring)
MPRegen  0.14/turn              (no ring)

@: very slightly contaminated
A: no striking features
a: no special abilities


You were on level 2 of the Dungeon.
You were not hungry.

You visited 1 branch of the dungeon, and saw 2 of its levels.

You collected 160 gold pieces.

Inventory:

Hand Weapons
 h - a +2 dagger of holy wrath (weapon)
Missiles
 q - 23 arrows
Armour
 a - a +0 robe (worn)
 b - a +0 hat (worn)
 l - a +0 pair of boots (worn)
Scrolls
 e - a scroll of remove curse {unknown}
 g - 2 scrolls of identify {unknown}
 i - a scroll of enchant weapon {unknown}
 j - a scroll of amnesia {unknown}
 m - a scroll of noise {unknown}
Potions
 c - a potion of degeneration {unknown}
 f - a potion of lignification {unknown}
 n - a potion of haste {unknown}
 o - a potion of brilliance {unknown}
 p - a potion of might {unknown}
Comestibles
 d - 2 rations
 k - 4 chunks of flesh


   Skills:
 - Level 1.0 Fighting
 - Level 1.0 Armour
 + Level 3.2 Dodging
 - Level 2.4 Stealth
 * Level 6.3 Spellcasting
 + Level 2.6 Conjurations
 - Level 1.1 Summonings
 - Level 1.1 Translocations
 - Level 1.0 Fire Magic
 + Level 0.8 Air Magic


You had 5 spell levels left.
You knew the following spells:

 Your Spells              Type           Power        Failure   Level  Hunger
a - Magic Dart            Conj           ###.         2%          1    None
b - Mephitic Cloud        Conj/Pois/Air  ##......     14%         3    None
c - Call Imp              Summ           ##......     8%          2    None
d - Blink                 Tloc           N/A          8%          2    None
e - Conjure Flame         Conj/Fire      ###.....     11%         3    None

Your spell library contained the following spells:

 Spells                   Type           Power        Failure   Level  Hunger
 Slow                     Hex            #.......     12%         2    None


Dungeon Overview and Level Annotations

Branches:
Dungeon (2/15)

Altars:


Message History

The orc priest mumbles some strange prayers to Beogh against you.
You struggle to resist.
An orc comes into view. It is wielding a +0 hand axe.
The orc priest casts a cantrip, but nothing happens.
The orc priest invokes the aid of Beogh against you.
Beogh smites you!
Ouch! That really hurt!
The orc closely misses you.
Casting: Magic Dart (safe; 2% risk of failure)
Confirm with . or Enter, or press ? or * to list all spells.
A beastly little devil appears in a puff of flame.
The orc hits you with a +0 hand axe.
* * * LOW HITPOINT WARNING * * *
The orc barely misses your crimson imp.
The orc priest miscasts a cantrip.
Your crimson imp closely misses the orc.
You see here a rat skeleton.
The orc priest calls down the wrath of Beogh upon you.
Beogh smites you!
You die...

#.#.## ##....###.#
#.#..####.#
########.........#
#.#........
.........###.###.#
#.#...###.###########.#
#.# ### #.........#<#
#o# #.# ..#..####.#.#
#.# #.# #.#.......#.#
#.# .#
#.#.#####.#.#########o#
#.#.............@÷o.5.#
#.#.........###########
#.#########.# #.# #.#
### #.# ###


You could see an orc priest, an orc and a friendly crimson imp (summoned).

Vanquished Creatures
  An orc priest (D:2)
  4 adders (D:2)
  6 gnolls (D:2)
  A worm (D:2)
  A dart slug (D:1)
  A leopard gecko (D:1)
  2 orcs (D:2)
  2 giant cockroaches (D:1)
  6 goblins
  4 hobgoblins
  5 jackals (D:1)
  9 kobolds
  6 bats
  3 frilled lizards (D:2)
  7 rats
58 creatures vanquished.

Notes
Turn   | Place    | Note
-------+----------+-------------------------------------------
     0 | D:1      | pokeman the Deep Elf Wizard began the quest for the Orb.
     0 | D:1      | Reached XP level 1. HP: 10/10 MP: 7/7
   229 | D:1      | Reached XP level 2. HP: 16/16 MP: 6/9
   712 | D:1      | Reached skill level 5 in Spellcasting
   842 | D:1      | Reached XP level 3. HP: 16/20 MP: 5/11
   852 | D:1      | Learned a level 3 spell: Mephitic Cloud
   855 | D:1      | Learned a level 2 spell: Call Imp
   858 | D:1      | Learned a level 2 spell: Blink
   862 | D:1      | Learned a level 3 spell: Conjure Flame
  1358 | D:2      | Reached skill level 1 in Armour
  1478 | D:2      | Reached skill level 1 in Fighting
  1527 | D:2      | Reached XP level 4. HP: 25/25 MP: 8/13
  1980 | D:2      | Reached skill level 1 in Fire Magic
  2116 | D:2      | Reached skill level 6 in Spellcasting
  2243 | D:2      | Reached XP level 5. HP: 24/29 MP: 6/15
  2492 | D:2      | Killed from afar by an orc priest

Illustrated notes

Levels and vault maps discovered:
D:1:      scummos_arrival_forest, layout_loops_ring
D:2:      cheibrodos_pilgrimage, layout_basic,
          hangedman_abyss_or_decor_lesser_grid

Skill      XL: |  1  2  3  4 |
---------------+-------------+-----
Spellcasting   | 5 6 |  6.3
Armour         | 1 |  1.0
Fighting       | 1 |  1.0
Conjurations   | 2 |  2.6
Fire Magic     | 1 |  1.0
Dodging        | 3 |  3.2
Stealth        | |  2.4
Summonings     | |  1.1
Translocations | |  1.1
Air Magic      | |  0.8

Action                   |  1- 3 |  4- 6 || total
-------------------------+-------+-------++-------
Melee: Unarmed           |     8 |       ||     8
       Dagger            |       |     2 ||     2
 Cast: Magic Dart        |   100 |    71 ||   171
       Mephitic Cloud    |       |     2 ||     2
       Conjure Flame     |       |     1 ||     1
       Call Imp          |       |     1 ||     1
  Eat: Chunk             |     1 |     4 ||     5
Armor: Robe              |     6 |     7 ||    13
Dodge: Dodged            |    25 |    13 ||    38
